 Dungeon Crawl Stone Soup version 0.31-a0-117-g42d8f58691 (webtiles) character file.

Game seed: 15044210556063821135

149 marky1606 the Insei (level 5, 0/41 HPs)
             Began as a Demonspawn Chaos Knight on May 30, 2023.
             Was a Plaything of Xom.
             Slain by an orc
             ... wielding a +0 dagger
              (1 damage)
             ... on level 3 of the Dungeon.
             The game lasted 00:11:53 (2151 turns).

marky1606 the Insei (Demonspawn Chaos Knight)       Turns: 2151, Time: 00:11:54

Health: 0/41       AC:  5    Str: 12    XL:     5   Next: 9%
Magic:  5/5        EV: 12    Int: 13    God:    Xom [..*...]
Gold:   96         SH:  4    Dex: 15    Spells: 4/4 levels left

rFire   . .          .
                       - Unarmed
rCold   . . .        (no shield)
rNeg    . . .        a - +2 leather armour
rPois   .            (no helmet)
rElec   .            (no cloak)
rCorr   .            (no gloves)
SInv    .            (no boots)
Will    +....        (no amulet)
Stlth   +            l - ring of willpower
HPRegen 0.26/turn    (no ring)
MPRegen 0.09/turn

%: no passive effects
@: no status effects
A: sturdy frame 1, condensation shield, demonic touch 1
a: Renounce Religion


You were on level 3 of the Dungeon.
You worshipped Xom.
You were a toy of Xom.
You visited 1 branch of the dungeon, and saw 3 of its levels.

You collected 96 gold pieces.

Inventory:

Armour
 a - a +2 leather armour (worn)
Magical Staves
 h - a staff of cold
Jewellery
 l - a ring of willpower (left hand)
Scrolls
 d - 3 scrolls of identify {unknown}
 e - a scroll of teleportation {unknown}
 g - a scroll of immolation {unknown}
 j - a scroll of enchant armour {unknown}
 k - a scroll of poison {unknown}
Potions
 c - 2 potions of invisibility {unknown}
 f - 2 potions of might {unknown}
 i - 2 potions of heal wounds {unknown}
Miscellaneous
 b - a piece from Xom's chessboard (15/15) (quivered)


   Skills:
 + Level 3.6 Fighting
 - Level 1.7 Armour
 * Level 2.2 Dodging
 + Level 4.4 Unarmed Combat


You had 4 spell levels left.
You didn't know any spells.
Your spell library contained the following spells:

 Spells                   Type           Power      Damage    Failure   Level
 Ensorcelled Hibernation  Hex/Ice        0%         N/A       43%         2
 Spider Form              Tmut/Pois      0%         N/A       67%         3
 Anguish                  Hex/Necr       0%         N/A       97%         4


Dungeon Overview and Level Annotations

Branches:
Dungeon (3/15)

Altars:


Innate Abilities, Weirdness & Mutations

Your movements are slightly less encumbered by armour. (ER -2)
A meltable shield of frost defends you. (SH +4)
Your touch may inflict minor irresistible damage on your foes.


Message History

The orc priest attacks as you move away!
The orc priest hits you but does no damage.
The orc attacks as you move away! You block the orc's attack.
Things that are here:
a +0 short sword; a kobold corpse You barely miss the orc priest.
You touch the orc priest!
You kill the orc priest!
Your Unarmed Combat skill increases to level 4!
You hit the orc priest but do no damage.
You touch the orc priest!
The orc priest is severely wounded.
The orc priest invokes the aid of Beogh against you.
Beogh smites you!
A shower of butterflies erupts from you!
You hit the orc priest but do no damage.
Your punch misses the orc priest.
The orc priest is severely wounded.
The orc priest barely misses you.
You hit the orc priest.
The orc priest is almost dead.
The orc priest calls down the wrath of Beogh upon you.
Beogh smites you!
* * * LOW HITPOINT WARNING * * *
You hit the orc priest.
The orc priest is almost dead.
The orc priest closely misses you.
You hit the orc priest.
You kill the orc priest!
You have reached level 5!
The orc attacks as you move away! The orc hits you but does no damage.
The orc attacks as you move away! The orc barely misses you.
The orc attacks as you move away! The orc hits you with a +0 dagger.
* * * LOW HITPOINT WARNING * * *
You closely miss the orc. Your touch misses the orc.
The orc closely misses your butterfly. You block the orc's attack.
You hit the orc. Your touch misses the orc.
The orc is almost dead.
The orc closely misses your butterfly. The orc hits you with a +0 dagger.
You die... "This toy is broken." ..# ### ..
PPP

.#..#.. .. ...#.. .# #
....###### .# ..
#..#.#..#..#####.##..#
#.....#..oo.o.b....#
#...#.....####b###....
#.....#...#.# #o# #
#.#######...# #@# #
########.#####
#........# #.##.....#
###.#.......#
#######...........#
#^......#.#.........
#.#####.............
#.# .#.#.....##...


You could see 2 orcs.

Vanquished Creatures
  2 orc priests (D:3)
  3 adders
  2 worms
  3 dart slugs
  4 ball pythons
  5 endoplasms
  A giant cockroach (D:1)
  4 goblins
  2 hobgoblins (D:2)
  10 jackals
  5 kobolds
  2 quokkas
  2 bats (D:1)
  2 frilled lizards
  3 rats
50 creatures vanquished.

Notes
Turn   | Place    | Note
-------+----------+-------------------------------------------
     0 | D:1      | marky1606 the Demonspawn Chaos Knight began the quest for
                  | the Orb.
     0 | D:1      | Reached XP level 1. HP: 18/18 MP: 1/1
    97 | D:1      | Reached skill level 1 in Dodging
   279 | D:1      | XOM: silly message
   324 | D:1      | Gained mutation: Your movements are slightly less
                  | encumbered by armour. (ER -2) [demonic ancestry]
   324 | D:1      | Reached XP level 2. HP: 21/24 MP: 2/2
   330 | D:1      | Reached skill level 3 in Unarmed Combat
   344 | D:1      | XOM: silly message
   403 | D:1      | Found a faded altar of an unknown god.
   462 | D:1      | XOM: 1-stop teleportation journey
   584 | D:1      | XOM: 3-stop teleportation journey
   598 | D:1      | XOM: potion effect (invisibility)
   640 | D:1      | XOM: divination: detect items
   773 | D:1      | Gained mutation: Your touch may inflict minor irresistible
                  | damage on your foes. [demonic ancestry]
   773 | D:1      | Reached XP level 3. HP: 29/29 MP: 3/3
  1199 | D:2      | XOM: divination: detect creatures
  1325 | D:2      | XOM: god gift: long glowing staff {god gift}
  1609 | D:2      | XOM: 1-stop teleportation journey
  1856 | D:2      | Gained mutation: A meltable shield of frost defends you.
                  | (SH +4) [demonic ancestry]
  1856 | D:2      | Reached XP level 4. HP: 35/35 MP: 4/4
  1992 | D:3      | XOM: confuse monster(s)
  2124 | D:3      | XOM: divination: detect creatures
  2141 | D:3      | Reached skill level 4 in Unarmed Combat
  2141 | D:3      | XOM: butterfly on damage
  2143 | D:3      | HP: 1/35 [orc priest/divine providence (11)]
  2146 | D:3      | Reached XP level 5. HP: 2/41 MP: 5/5
  2149 | D:3      | HP: 1/41 [orc/+0 dagger (2)]
  2151 | D:3      | Slain by an orc

Illustrated notes

Levels and vault maps discovered:
D:1:      scummos_arrival_checkerplants, layout_basic,
          hellmonk_ecumenical_altar_prayer_group, bh_walls_and_bars
D:2:      layout_loops_cross
D:3:      layout_loops_cross, mainiacjoe_overflow_big_doors, corner_web_ring,
          dreamdust_mushroom_princess, hangedman_decor_push, kennysheep_nub,
          kennysheep_pointless_box, st_stairs_12,
          hangedman_decor_clover_reticule, minmay_hedge_maze,
          chequers_arboretum, uniq_crazy_yiuf_cottage

Skill      XL: |  1  2  3  4 |
---------------+-------------+-----
Dodging        | 1 2 |  2.2
Unarmed Combat | 3 4 |  4.4
Fighting       | |  3.6
Armour         | |  1.7

Action                     |  1- 3 |  4- 6 || total
---------------------------+-------+-------++-------
  Melee: Unarmed           |   161 |    67 ||   228
         Touch             |     9 |    19 ||    28
         Punch             |     1 |     2 ||     3
   Stab: Invisible         |     5 |       ||     5
         Sleeping          |     1 |     1 ||     2
 Armour: Leather armour    |    48 |    11 ||    59
  Dodge: Dodged            |    86 |    24 ||   110
  Block: Other             |       |     3 ||     3

Table legend: (Time is in decaauts)
 A = Elapsed time spent in this place.
 B = Non-inter-level travel time spent in this place.
 C = Inter-level travel time spent in this place.
 D = Time resting spent in this place.
 E = Time spent auto-exploring this place.
 F = Levels seen in this place.
 G = Mean time per level.
                   A        B        C        D        E       F      G
               +--------+--------+--------+--------+--------+-----+--------+
         Total |   2137 |   2137 |      0 |    511 |      0 |   3 |  712.3 |
       Dungeon |   2137 |   2137 |      0 |    511 |      0 |   3 |  712.3 |
               +--------+--------+--------+--------+--------+-----+--------+

Top non-repeatable levels by time:
     D:2: 987 daAuts
     D:1: 985 daAuts
     D:3: 163 daAuts
